 Dungeon Crawl Stone Soup version 0.22-a0-422-g9628fc8 (webtiles) character file.

77 Falco the Sneak (level 4, -3/23 HPs)
             Began as a Spriggan Assassin on May 19, 2018.
             Killed from afar by an orc wizard (6 damage)
             ... with a magic dart
             ... on level 3 of the Dungeon.
             The game lasted 00:09:01 (2080 turns).

Falco the Sneak (Spriggan Assassin)                 Turns: 2080, Time: 00:09:02

Health: -3/23      AC:  3    Str:  8    XL:     4   Next: 14%
Magic:  5/5        EV: 17    Int: 12    God:
Gold:   121        SH:  0    Dex: 17    Spells: 3/3 levels left

rFire    + . .     SeeInvis +   b - +0 blowgun
rCold    . . .     Gourm    .   (shield restricted)
rNeg     . . .     Faith    .   c - +0 robe
rPois    .         Spirit   .   (helmet restricted)
rElec    .         Reflect  .   d - +0 cloak
rCorr    .         Harm     .   (gloves unavailable)
MR       .....                  (boots unavailable)
Stlth    ++++......             (no amulet)
HPRegen  0.07/turn              o - ring of protection from fire
MPRegen  0.09/turn              (no ring)

@: very quick
A: very small, unfitting armour, see invisible, herbivore, speed 3, slow
metabolism 2
a: no special abilities


You were on level 3 of the Dungeon.
You were not hungry.

You visited 1 branch of the dungeon, and saw 3 of its levels.

You collected 121 gold pieces.

Inventory:

Hand Weapons
 a - a +2 dagger
 b - a +0 blowgun (weapon)
 k - a +0 hunting sling
Missiles
 e - 16 poisoned needles (quivered)
 l - 80 stones
Armour
 c - a +0 robe (worn)
 d - a +0 cloak (worn)
Jewellery
 o - a ring of protection from fire (left hand)
Scrolls
 n - a scroll of teleportation {unknown}
Potions
 f - a potion of heal wounds
 h - a potion of degeneration
 i - a potion of ambrosia
 j - a potion of cancellation {unknown}
 m - a potion of might {unknown}
 p - a potion of haste {unknown}
 q - a potion of mutation {unknown}
Comestibles
 g - 6 rations


   Skills:
 + Level 1.8 Fighting
 + Level 2.7 Short Blades
 + Level 2.9 Throwing
 + Level 1.7 Dodging
 + Level 7.1 Stealth


You had 3 spell levels left.
You didn't know any spells.
Your spell library was empty.

Dungeon Overview and Level Annotations

Branches:
Dungeon (3/15)

Altars:
Ashenzari


Innate Abilities, Weirdness & Mutations

You are very small and have problems with some larger weapons.
You are too small for most types of armour.
You have supernaturally acute eyesight. (SInv)
You are a herbivore.
You cover ground extremely quickly.
You need to consume almost no food.


Message History

Aim: an orc wizard, wielding a dagger and wearing a robe (heavily wounded)
You shoot a poisoned needle.
The poisoned needle misses the orc wizard.
Firing (i - inventory. (/) - cycle)
e - 18 poisoned needles (quivered)
Press: ? - help, Shift-Dir - straight line, f/p - orc wizard
Aim: an orc wizard, wielding a dagger and wearing a robe (heavily wounded)
You shoot a poisoned needle.
The poisoned needle closely misses the orc wizard.
The orc wizard gestures at you while chanting.
The magic dart hits you!
* * * LOW HITPOINT WARNING * * *
You are too injured to fight recklessly!
Firing (i - inventory. (/) - cycle)
e - 17 poisoned needles (quivered)
Press: ? - help, Shift-Dir - straight line, f/p - orc wizard
Aim: an orc wizard, wielding a dagger and wearing a robe (heavily wounded)
You shoot a poisoned needle.
The poisoned needle closely misses the orc wizard.
The orc wizard gestures at you while chanting.
The magic dart hits you!
You die...

## ... .... ....
.... .. .#.. ...
.#.#
#..############.####
.#.#
#..#.......@........
##.#
#.##o###########.###
##.#
#.##[##..........
##.#
#.##.##.#########
...# #..............
##.###..#.##.#######
#.....##.##.##
#.#...#.o....#
#.#.###......#


You could see an orc wizard.

Vanquished Creatures
  3 oozes
  4 dart slugs (D:1)
  3 orcs (D:3)
  5 giant cockroaches
  7 goblins
  5 hobgoblins
  6 jackals (D:1)
  6 kobolds
  A quokka (D:3)
  2 bats (D:1)
  2 frilled lizards (D:2)
  2 rats
46 creatures vanquished.

Notes
Turn   | Place    | Note
-------+----------+-------------------------------------------
     0 | D:1      | Falco the Spriggan Assassin began the quest for the Orb.
     0 | D:1      | Reached XP level 1. HP: 10/10 MP: 2/2
    29 | D:1      | Reached skill level 6 in Stealth
   363 | D:2      | Reached XP level 2. HP: 11/14 MP: 3/3
  1108 | D:1      | Reached XP level 3. HP: 18/18 MP: 4/4
  1300 | D:1      | Reached skill level 7 in Stealth
  1944 | D:3      | Reached XP level 4. HP: 23/23 MP: 5/5
  1965 | D:3      | Found a shattered altar of Ashenzari.
  2080 | D:3      | Killed from afar by an orc wizard

Vault maps used:
D:1:      eino_arrival_water_star, minivault_14
D:3:      lemuel_crystal_altar, first_ration, lemuel_statue_altar, uniq_grinder

Skill      XL: |  1  2  3 |
---------------+----------+-----
Stealth        | 6 7 |  7.1
Fighting       | |  1.8
Short Blades   | |  2.7
Throwing       | |  2.9
Dodging        | |  1.7

Action                   |  1- 3 |  4- 6 || total
-------------------------+-------+-------++-------
Melee: Dagger            |   108 |    28 ||   136
 Fire: Blowgun           |    20 |     7 ||    27
Throw: Stone             |     7 |       ||     7
  Use: Scroll            |     5 |       ||     5
 Stab: Sleeping          |    10 |       ||    10
Armor: Robe              |    12 |     2 ||    14
Dodge: Dodged            |    80 |    22 ||   102

Table legend:
 A = Spawn XP
 B = Non-spawn XP
 C = Spawn XP percentage of total XP
 D = Spawn monster count
 E = Non-spawn monster count
 F = Spawn count percentage of total count
 G = Total turns spent on level
                    A         B        C        D         E        F      G
               +---------+---------+-------+---------+---------+-------+---------
         Total |       0 |     111 |   0.0 |       0 |      46 |   0.0 |  2080
               +---------+---------+-------+---------+---------+-------+---------
           D:1 |       0 |      65 |   0.0 |       0 |      24 |   0.0 |   872
           D:2 |       0 |      31 |   0.0 |       0 |      15 |   0.0 |  1064
           D:3 |       0 |      15 |   0.0 |       0 |       7 |   0.0 |   144
               +---------+---------+-------+---------+---------+-------+---------
